 Dungeon Crawl Stone Soup version 0.22-b1-59-g0aedee7 (webtiles) character file.

214 Lilu the Conjurer (level 5, -1/28 HPs)
             Began as a Deep Elf Conjurer on Aug 9, 2018.
             Slain by an orc
             ... wielding a +0 flail
              (8 damage)
             ... on level 3 of the Dungeon.
             The game lasted 00:09:31 (2826 turns).

Lilu the Conjurer (Deep Elf Conjurer)               Turns: 2826, Time: 00:09:32

Health: -1/28      AC:  5    Str:  6    XL:     5   Next: 60%
Magic:  3/11       EV: 13    Int: 20    God:
Gold:   197        SH:  0    Dex: 15    Spells: 3/10 levels left

rFire    . . .     SeeInvis .   k - +0 whip
rCold    . . .     Gourm    .   (no shield)
rNeg     . . .     Faith    .   a - +0 robe
rPois    .         Spirit   .   g - +2 helmet
rElec    .         Reflect  .   (no cloak)
rCorr    .         Harm     .   (no gloves)
MR       .....                  (no boots)
Stlth    ++........             (no amulet)
HPRegen  0.09/turn              (no ring)
MPRegen  0.12/turn              (no ring)

@: no status effects
A: no striking features
a: no special abilities


You were on level 3 of the Dungeon.
You were not hungry.

You visited 1 branch of the dungeon, and saw 3 of its levels.

You collected 197 gold pieces.

Inventory:

Hand Weapons
 k - a +0 whip (weapon)
Missiles
 o - 18 sling bullets
Armour
 a - a +0 robe (worn)
 g - a +2 helmet (worn)
Scrolls
 b - a scroll of random uselessness {unknown}
 d - a scroll of enchant weapon {unknown}
 f - 6 scrolls of identify {unknown}
 j - a scroll of fog {unknown}
 l - a scroll of remove curse {unknown}
Potions
 e - 2 potions of degeneration {unknown}
 h - 2 potions of heal wounds {unknown}
 i - 2 potions of resistance {unknown}
 m - a potion of flight {unknown}
 n - a potion of lignification {unknown}
Comestibles
 c - 11 rations
 p - 5 chunks of flesh


   Skills:
 - Level 2.4 Dodging
 - Level 2.4 Stealth
 - Level 3.0 Spellcasting
 + Level 7.6 Conjurations


You had 3 spell levels left.
You knew the following spells:

 Your Spells              Type           Power        Failure   Level  Hunger
a - Magic Dart            Conj           ####         1%          1    None
b - Searing Ray           Conj           ####..       1%          2    ##.....
c - Iskenderun's Mystic   Conj           ####....     6%          4    ####...

Your spell library contained the following spells:

 Spells                   Type           Power        Failure   Level  Hunger
 Fulminant Prism          Conj/Hex       ###.......   30%         4    ####...
 Dazzling Spray           Conj/Hex       ###...       9%          3    ###....
 Force Lance              Conj/Tloc      ###.....     30%         4    ####...


Dungeon Overview and Level Annotations

Branches:
Dungeon (3/15)

Altars:
Elyvilon
The Shining One


Message History

The orc throws a tomahawk.
The tomahawk hits you but does no damage.
You see here a tomahawk.
The orc closely misses you. The orc hits you with a flail.
The orc barely misses you.
You see here a tomahawk.
The orc barely misses you.
The orc hits you with a dagger of electrocution.
* * * LOW HITPOINT WARNING * * *
Casting: Searing Ray (safe; 1% risk of failure)
Confirm with . or Enter, or press ? or * to list all spells.
Aiming: Searing Ray (safe; 1% risk of failure)
Press: ? - help, Shift-Dir - straight line, f - orc
Aim: an orc, wielding a dagger of electrocution The searing ray misses the orc.
The searing ray hits the orc. (Press . to maintain the ray.)
The searing ray hits the orc.
The orc is almost dead.
The orc hits you but does no damage. The orc hits you with a flail!
You die...

.##### ###.....>..##....
....#######...............
..#..........#......####)..
..#.........##......# ..
..#........###......# .
..#........# #...).###
###........#####.....#
#.......[.####oo...#
#......÷.÷...#@....#
#........###.......#
#........# ####....#
#........# ##...#
########## #...# #...#
#...# #...# #####


You could see 2 orcs.

Vanquished Creatures
  An orc priest (D:3)
  11 adders
  A worm (D:2)
  2 leopard geckos
  6 orcs (D:3)
  6 bats (D:1)
  7 giant cockroaches
  7 goblins
  14 hobgoblins
  2 jackals (D:3)
  5 frilled lizards
  6 kobolds
  11 rats
79 creatures vanquished.

Notes
Turn   | Place    | Note
-------+----------+-------------------------------------------
     0 | D:1      | Lilu the Deep Elf Conjurer began the quest for the Orb.
     0 | D:1      | Reached XP level 1. HP: 10/10 MP: 6/6
   278 | D:1      | Reached XP level 2. HP: 15/15 MP: 5/8
   282 | D:1      | Learned a level 2 spell: Searing Ray
   323 | D:1      | Reached skill level 5 in Conjurations
   949 | D:2      | Reached XP level 3. HP: 19/19 MP: 5/9
  1273 | D:2      | Reached skill level 6 in Conjurations
  1460 | D:2      | Reached XP level 4. HP: 24/24 MP: 5/10
  1462 | D:2      | Found a glowing golden altar of the Shining One.
  1471 | D:2      | Learned a level 4 spell: Iskenderun's Mystic Blast
  1555 | D:2      | Found a white marble altar of Elyvilon.
  2183 | D:3      | Reached skill level 7 in Conjurations
  2183 | D:3      | Reached XP level 5. HP: 28/28 MP: 7/11
  2826 | D:3      | Slain by an orc

Skill      XL: |  1  2  3  4 |
---------------+-------------+-----
Conjurations   | 5 6 7 |  7.6
Dodging        | |  2.4
Stealth        | |  2.4
Spellcasting   | |  3.0

Action                   |  1- 3 |  4- 6 || total
-------------------------+-------+-------++-------
Melee: Unarmed           |    13 |       ||    13
       Whip              |       |    13 ||    13
 Cast: Magic Dart        |    48 |    73 ||   121
       Searing Ray       |     7 |     8 ||    15
  Eat: Chunk             |     2 |     4 ||     6
Armor: Robe              |    31 |     5 ||    36
Dodge: Dodged            |    45 |    24 ||    69
